 Dungeon Crawl Stone Soup version 0.20-a0-915-gb278767 (webtiles) character file.

350 Patate the Sneak (level 6, -3/28 HPs)
             Began as a Spriggan Enchanter on Mar 24, 2017.
             Slain by a scorpion (10 damage)
             ... on level 4 of the Dungeon on Mar 25, 2017.
             The game lasted 00:16:03 (4404 turns).

Patate the Sneak (Spriggan Enchanter)               Turns: 4404, Time: 00:16:04

Health: -3/28      AC:  2    Str:  6    XL:     6   Next: 34%
Magic:  2/11       EV: 20    Int: 17    God:
Gold:   102        SH:  0    Dex: 16    Spells: 4/10 levels left

rFire    . . .     SeeInvis +   a - +1 dagger
rCold    . . .     Gourm    .   (shield restricted)
rNeg     . . .     Faith    .   b - +0 robe
rPois    .         Spirit   .   (helmet restricted)
rElec    .         Reflect  .   (no cloak)
rCorr    .         Harm     .   (gloves unavailable)
MR       +....                  (boots unavailable)
Stlth    +++++.....             (no amulet)
Regen    0.1/turn               q - ring of stealth
MPRegen  0.2/turn               (no ring)

@: very slightly contaminated, very quick
A: unfitting armour, see invisible, herbivore 3, speed 3, slow metabolism 2
a: no special abilities


You were on level 4 of the Dungeon.
You were not hungry.

You visited 1 branch of the dungeon, and saw 5 of its levels.

You collected 102 gold pieces.

Inventory:

Hand Weapons
 a - a +1 dagger (weapon)
Armour
 b - a +0 robe (worn)
Jewellery
 q - a ring of stealth (left hand)
Wands
 r - a wand of random effects (23/48)
Scrolls
 e - 5 scrolls of identify {unknown}
 i - 2 scrolls of enchant armour {unknown}
 j - a scroll of blinking {unknown}
 k - 2 scrolls of remove curse {unknown}
 n - a scroll of enchant weapon {unknown}
 p - a scroll of recharging {unknown}
 u - a scroll of magic mapping {unknown}
 w - a scroll of teleportation {unknown}
Potions
 f - a potion of degeneration {unknown}
 g - a potion of agility {unknown}
 h - a potion of brilliance {unknown}
 l - a potion of might {unknown}
 o - 3 potions of haste {unknown}
 s - a potion of resistance {unknown}
 t - a potion of heal wounds {unknown}
 v - a potion of magic {unknown}
Books
 c - a book of Maledictions

   Spells                             Type                      Level
   a - Corona                         Hexes                        1
   b - Ensorcelled Hibernation        Hexes/Ice                    2
   c - Confuse                        Hexes                        3
   d - Tukima's Dance                 Hexes                        3
   e - Dazzling Spray                 Conjuration/Hexes            3
Comestibles
 d - a royal jelly


   Skills:
 * Level 4.8 Short Blades
 + Level 5.1 Dodging
 - Level 7.4 Stealth
 - Level 2.6 Spellcasting
 - Level 3.6 Hexes


You had 4 spell levels left.
You knew the following spells:

 Your Spells              Type           Power        Failure   Level  Hunger
a - Corona                Hex            ##.....      4%          1    #......
b - Ensorcelled Hibernat  Hex/Ice        #.....       17%         2    ##.....
c - Confuse               Hex            ##......     14%         3    ###....


Dungeon Overview and Level Annotations

Branches:
Dungeon (5/15)
 Temple: D:4-7

Altars:
Nemelex Xobeh
The Shining One

Annotations:
D:4 Grinder, Menkaure


Innate Abilities, Weirdness & Mutations

You are very small and have problems with some larger weapons.
You are too small for most types of armour.
You have supernaturally acute eyesight. (SInv)
You are a herbivore.
You cover ground extremely quickly.
You need consume almost no food.


Message History

The jackal misses you. The scorpion misses you.
The jackal completely misses you.
You hit the scorpion but do no damage.
The scorpion is severely wounded.
The jackal closely misses you. The jackal bites you.
* * * LOW HITPOINT WARNING * * *
The jackal barely misses you.
You closely miss the scorpion.
The scorpion is severely wounded.
The scorpion stings you.
* * * LOW HITPOINT WARNING * * *
The jackal bites you but does no damage.
The jackal closely misses you.
You feel better. The scorpion barely misses you.
The jackal barely misses you. x2
You hit the scorpion.
The scorpion is severely wounded.
The jackal bites you. x2
* * * LOW HITPOINT WARNING * * *
The scorpion stings you!
You die...

########## #........#
#........# #........#
#........# #####
#........# ##....
#........# #####..#
#........####h@s..#
#######....##h#####
#.##....# #†#####..#
#########.....#..#
........#.##.......
........#..#...#....
........#...# ......#
.<).....#.#.##.#....#


You could see a scorpion and 2 jackals.

Vanquished Creatures
  Purgy (D:3)
  A scorpion (D:4)
  2 orc priests (D:3)
  An iguana (D:4)
  A worker ant (D:4)
  2 adders
  2 worms (D:2)
  A leopard gecko (D:1)
  9 orcs
  A ball python (D:1)
  5 giant cockroaches
  4 goblins
  11 hobgoblins
  8 jackals
  2 quokkas (D:2)
  4 bats
  2 frilled lizards
  5 kobolds
  10 rats
72 creatures vanquished.

Notes
Turn   | Place    | Note
-------+----------+-------------------------------------------
     0 | D:1      | Patate the Spriggan Enchanter began the quest for the Orb.
     0 | D:1      | Reached XP level 1. HP: 9/9 MP: 5/5
   183 | D:1      | Reached skill level 5 in Stealth
   267 | D:1      | Reached XP level 2. HP: 13/13 MP: 6/6
   271 | D:1      | Learned a level 2 spell: Ensorcelled Hibernation
   561 | D:1      | Reached skill level 6 in Stealth
  1255 | D:1      | Reached XP level 3. HP: 16/16 MP: 8/8
  1721 | D:2      | Learned a level 3 spell: Confuse
  1925 | D:2      | Reached skill level 7 in Stealth
  2049 | D:2      | Found a sparkling altar of Nemelex Xobeh.
  2049 | D:2      | Found a glowing golden altar of the Shining One.
  2399 | D:3      | Noticed Purgy
  2418 | D:3      | Reached XP level 4. HP: 21/21 MP: 9/9
  2738 | D:3      | Killed Purgy
  2738 | D:3      | Reached XP level 5. HP: 24/24 MP: 7/10
  3179 | D:3      | Upgraded the game from 0.20-a0-910-gb611367 to 0.20-a0-915-gb278767
  3631 | D:4      | Reached XP level 6. HP: 28/28 MP: 8/11
  3745 | D:4      | Noticed Menkaure
  4007 | D:3      | Reached skill level 5 in Dodging
  4178 | D:4      | Noticed Grinder
  4375 | D:5      | Entered Level 5 of the Dungeon
  4404 | D:4      | Slain by a scorpion

Vault maps used:
D:1:      dpeg_arrival_stone_temple_mockup
D:2:      chequers_temple_overflow_statue_of_worship, st_stairs_13,
          minmay_misc_feat_iff
D:3:      grunt_ministairs_14, uniq_purgy
D:4:      lemuel_crystal_altar, kennysheep_vampire_church,
          minmay_a_box_with_orc_wizards_in_it, uniq_grinder, uniq_pikel,
          uniq_menkaure
D:5:      minmay_diamond_boxcup, first_bread

Skill      XL: |  1  2  3  4  5  6 |
---------------+-------------------+-----
Stealth        | 5 6 7 |  7.4
Short Blades   | 2 3 4 |  4.8
Dodging        | 4 5 |  5.1
Spellcasting   | |  2.6
Hexes          | |  3.6

Action                   |  1- 3 |  4- 6 || total
-------------------------+-------+-------++-------
Melee: Dagger            |   181 |   106 ||   287
 Cast: Ensorcelled Hiber |    17 |    30 ||    47
  Use: Potion            |       |     2 ||     2
 Stab: Sleeping          |    15 |    20 ||    35
       Distracted        |     1 |       ||     1
  Eat: Royal jelly       |       |     1 ||     1
       Bread ration      |       |     1 ||     1
Armor: Robe              |    21 |     5 ||    26
Dodge: Dodged            |   154 |   123 ||   277
